 Dungeon Crawl Stone Soup version 0.18.1-50-g88ac8fd (webtiles) character file.

8 Gargoyl the Skirmisher (level 2, 23/24 HPs)
             Began as a Demonspawn Abyssal Knight on Oct 9, 2016.
             Was a Follower of Lugonu.
             Quit the game on level 1 of the Dungeon.
             The game lasted 00:01:46 (356 turns).

Gargoyl the Skirmisher (Demonspawn Abyssal Knight)   Turns: 356, Time: 00:01:47

Health: 23/24      AC: 10    Str: 12    XL:     2   Next: 0%
Magic:  3/3        EV:  0    Int: 13    God:    Lugonu [*.....]
Gold:   20         SH:  8    Dex: 12    Spells: 0 memorised, 1 level left

rFire  . . .     SeeInvis .     a - +1 hand axe
rCold  . . .     Gourm    .     g - +0 plate armour
rNeg   . . .     Faith    .     e - +2 shield
rPois  .         Spirit   +     (no helmet)
rElec  .         Dismiss  .     (no cloak)
rCorr  .         Reflect  .     (no gloves)
SustAt .         Harm     .     (no boots)
MR     .....                    f - amulet of magic regeneration
Stlth  ..........               (no ring)
                                (no ring)

@: not resistant to hostile enchantments, extremely unstealthy
A: magic shield
a: Depart the Abyss, Renounce Religion


You were on level 1 of the Dungeon.
You worshipped Lugonu.
Lugonu was aware of your devotion.
You were not hungry.

You visited 1 branch of the dungeon, and saw 1 of its levels.
You visited the Abyss 1 time.

You collected 20 gold pieces.

Inventory:

Hand Weapons
 a - a +1 hand axe (weapon)
Armour
 e - a +2 shield (worn)
 g - a +0 plate armour (worn)
Jewellery
 f - an amulet of magic regeneration (around neck)
Scrolls
 h - a scroll of fear {unknown}
 j - a scroll of identify {unknown}
Potions
 b - a potion of agility {unknown}
 d - 2 potions of curing {unknown}
 i - a potion of mutation {unknown}
 k - a potion of might {unknown}
Comestibles
 c - a bread ration


   Skills:
 + Level 3.1 Fighting
 + Level 1.9 Axes
 * Level 2.0 Armour
 + Level 0.8 Dodging
 + Level 0.1 Shields
 * Level 2.5 Invocations


You had one spell level left.
You didn't know any spells.

Dungeon Overview and Level Annotations

Branches:
Dungeon (1/15)

Altars:


Innate Abilities, Weirdness & Mutations

When hurt, damage is shared between your health and your magic reserves.


Message History

You hit the giant newt.
You kill the giant newt!
Lugonu accepts your kill.
k - a dark potion
Found a stone staircase leading down.
A rat comes into view.
You hit the rat but do no damage. The rat bites you.
Your shield and plate armour prevent you from hitting the rat.
You block the rat's attack.
You hit the rat but do no damage.
The rat bites you but does no damage. x2
Your plate armour prevents you from hitting the rat.
You block the rat's attack.
You hit the rat.
You kill the rat!
Lugonu accepts your kill.
You have reached level 2!
Your demonic ancestry asserts itself...
You feel your magical essence form a protective shroud around your flesh.
A rat comes into view.
Are you sure you want to abandon this character and quit the game? (Confirm with "yes".)

# ...#.#..#.# #
####.#.#..# # #
#......#..#...# #
#..............
####...######## .
...............>
.#
#####.#..##.###.#
# .#
#.##......#.#.r..
#. #.##.#@.....#
#. #.##.###.####
#.##.# # #..#.#
...#.# .....# ##
#.# ..#


You could see a rat.

Vanquished Creatures
  A giant cockroach (D:1)
  A goblin (D:1)
  A hobgoblin (D:1)
  A kobold (D:1)
  A ball python (D:1)
  A bat (D:1)
  A giant newt (D:1)
  A rat (D:1)
8 creatures vanquished.

Vanquished Creatures (others)
  4 starspawn tentacles (Abyss:2)
  96 starspawn tentacle segments (Abyss:2)
100 creatures vanquished.

Grand Total: 108 creatures vanquished

Notes
Turn   | Place    | Note
--------------------------------------------------------------
     0 | Abyss:1  | Gargoyl the Demonspawn Abyssal Knight began the quest for the Orb.
     0 | Abyss:1  | Reached XP level 1. HP: 18/18 MP: 2/2
    77 | Abyss:1  | Found an ancient bone altar of Kikubaaqudgha.
   109 | Abyss:2  | Noticed a tentacled starspawn
   131 | D:1      | Escaped the Abyss
   199 | D:1      | Reached * piety under Lugonu
   353 | D:1      | Gained mutation: When hurt, damage is shared between your health and your magic reserves. [demonic ancestry]
   353 | D:1      | Reached XP level 2. HP: 23/24 MP: 3/3
   356 | D:1      | Quit the game

Skill      XL: |  1 |
---------------+----+-----
Armour         | 2 |  2.0
Fighting       | |  3.1
Axes           | |  1.9
Dodging        | |  0.8
Shields        | |  0.1
Invocations    | |  2.5

Action                   || total
-------------------------++-------
Melee: Hand axe          ||    28
Invok: Depart the Abyss  ||     1
Armor: Plate armour      ||    14
       Ring mail         ||     1
Dodge: Dodged            ||     1
Block: Shield            ||    12
